 Dungeon Crawl Stone Soup version 0.18-a0-888-gdb73dea (webtiles) character file.

471 4thArraOfDagon the Cudgeler (level 7, -2/64 HPs)
             Began as an Ogre Hunter on Dec 23, 2015.
             Was an Initiate of Okawaru.
             Slain by a killer bee (4 damage)
             ... on level 6 of the Dungeon.
             The game lasted 00:14:30 (1935 turns).

4thArraOfDagon the Cudgeler (Ogre Hunter)           Turns: 1935, Time: 00:14:30

Health: -2/64      AC:  4    Str: 18      XL:     7   Next: 9%
Magic:  8/8        EV: 11    Int: 12      God:    Okawaru [......]
Gold:   13         SH:  4    Dex:  8 (10) Spells: 0 memorised, 6 levels left

rFire  . . .     SeeInvis .     q - +1 trident
rCold  . . .     Gourm    .     b - +0 robe
rNeg   . . .     Faith    .     (no shield)
rPois  +         Spirit   .     (helmet restricted)
rElec  .         Dismiss  .     k - +0 cloak
rCorr  .         Reflect  +     (gloves unavailable)
SustAt .         Harm     .     (boots unavailable)
MR     .....                    p - +4 amulet of reflection
Stlth  +.........               (no ring)
                                s - ring of poison resistance

@: lethally poisoned (-2 -> -4), flying, very slightly contaminated, hasted,
very quick, not resistant to hostile enchantments, very unstealthy
A: unfitting armour, talons 1, repulsion field 1, frail 1, tough skin 1
a: Renounce Religion


You were on level 6 of the Dungeon.
You worshipped Okawaru.
Okawaru was noncommittal.
You were not hungry.

You visited 2 branches of the dungeon, and saw 9 of its levels.

You collected 209 gold pieces.
You spent 196 gold pieces at shops.

Inventory:

Hand Weapons
 j - a +0 club
 o - a +0 spear
 q - a +1 trident (weapon)
Missiles
 c - a large rock (quivered)
 C - 8 needles of confusion
Armour
 b - a +0 robe (worn)
 k - a +0 cloak (worn)
Jewellery
 p - a +4 amulet of reflection (around neck)
 s - a ring of poison resistance (left hand)
 u - an uncursed ring of teleportation
Wands
 l - a wand of slowing (25/48)
 D - a wand of magic darts (28/48)
Scrolls
 B - a scroll of enchant weapon
Potions
 a - a potion of haste
 d - a potion of invisibility
 e - a potion of degeneration
 m - a potion of might
 n - a potion of lignification {unknown}
 w - a potion of cancellation
 E - 2 potions of agility
Books
 t - a book of Changes

   Spells                             Type                      Level
   a - Beastly Appendage              Transmutation                1
   b - Sticks to Snakes               Transmutation                2
   c - Spider Form                    Transmutation/Poison         3
   d - Ice Form                       Ice/Transmutation            4
   e - Blade Hands                    Transmutation                5
 v - a book of Alchemy

   Spells                             Type                      Level
   a - Sublimation of Blood           Necromancy                   2
   b - Ignite Poison                  Fire/Transmutation/Poison    3
   c - Alistair's Intoxication        Transmutation/Poison         4
   d - Condensation Shield            Ice                          4
   e - Petrify                        Transmutation/Earth          4
   f - Irradiate                      Conjuration/Transmutation    5
 y - a book of Debilitation

   Spells                             Type                      Level
   a - Corona                         Hexes                        1
   b - Slow                           Hexes                        2
   c - Gell's Gravitas                Hexes/Translocation          3
   d - Inner Flame                    Hexes/Fire                   3
   e - Cause Fear                     Hexes                        4
   f - Leda's Liquefaction            Hexes/Earth                  4
Comestibles
 f - 4 bread rations
 i - 3 meat rations
 A - 3 chunks of flesh


   Skills:
 + Level 5.3 Fighting
 * Level 7.1 Maces & Flails
 - Level 4.0 Throwing
 - Level 1.7 Dodging
 - Level 0.7 Stealth
 + Level 0.0 Invocations
 - Level 2.0 Evocations


You had 6 spell levels left.
You didn't know any spells.

Dungeon Overview and Level Annotations

Branches:
Dungeon (8/15)             Temple (1/1) D:7
   Lair: D:8-11

Altars:
Cheibriados
Dithmenos
Elyvilon
Gozag
Kikubaaqudgha
Makhleb
Nemelex Xobeh
Okawaru
Pakellas
Qazlal
Ru
Sif Muna
Trog
Vehumet
Xom
Yredelemnul
Zin
The Shining One

Shops:
D:4 *   D:6 ?![

Annotations:
D:3 4thArraOfDagon's ghost, amateur OgHu
D:8 Chiseanne's ghost, novice SpWn


Innate Abilities, Weirdness & Mutations

You are too large for most types of armour.
You have tough skin (AC +1).
You have sharp toenails.
You are surrounded by a mild repulsion field (EV +2).
You are frail (-10% HP).


Message History

You are poisoned.
The killer bee poisons you! The killer bee stings you.
The killer bee barely misses you.
You climb upwards.
You feel sick. The gnoll hits you with a flail.
* * * LOW HITPOINT WARNING * * *
The gnoll hits you with a halberd!
* * * LOW HITPOINT WARNING * * *
There is a stone staircase leading down, spattered with blood here.
Unknown command.
Unknown command.
Unknown command.
Read which item? (? for menu, Esc to quit)
Okay, then.
Drink which item? (? for menu, Esc to quit)
Okay, then.
Drink which item? (? for menu, Esc to quit)
It was a potion of flight.
You feel very buoyant.
You fly up into the air.
The killer bee stings you.
You die...

#########
##...#...####
###..(........#
#........g....#
#.#.....y@....#
#......gg.y...#
#.∩.#.........#
#..........#..#
#.#...#.####..#
###.......#
#..#
#..(##.#..#
#..#
#...##.#..#
#..#
###.....#..#
#..#


You could see 2 killer bees and 3 gnolls.

Vanquished Creatures
  A giant frog (D:8)
  A scorpion (D:5)
  3 hounds
  A centaur zombie (D:7)
  3 giant frog skeletons
  2 worker ants
  A hound skeleton (D:5)
  4 adders
  A shadow imp (D:6)
  An ooze (D:3)
  5 giant geckos
  4 orcs
  3 hobgoblins
  A jackal (D:3)
  A quokka (D:3)
  2 bats (D:3)
  2 giant cockroaches
  3 giant newts
  A goblin (D:3)
  A kobold (D:1)
  4 rats
  A fungus (D:5)
46 creatures vanquished.

Notes
Turn   | Place    | Note
--------------------------------------------------------------
     0 | D:1      | 4thArraOfDagon the Ogre Hunter began the quest for the Orb.
     0 | D:1      | Reached XP level 1. HP: 22/22 MP: 1/1
    91 | D:2      | Reached XP level 2. HP: 30/32 MP: 2/2
   209 | D:3      | Reached skill level 1 in Maces & Flails
   288 | D:3      | Reached XP level 3. HP: 24/39 MP: 3/3
   362 | D:4      | Found a stormy altar of Qazlal.
   434 | D:4      | wasted
   442 | D:4      | Reached XP level 4. HP: 14/48 MP: 4/4
   450 | D:4      | Found Eduilu's Elemental Accessories.
   462 | D:4      | meh
   487 | D:3      | Noticed 4thArraOfDagon's ghost (amateur OgHu)
   657 | D:5      | Entered Level 5 of the Dungeon
   695 | D:5      | Yermak: huh, real Retiarius - trident and a net
   696 | D:5      | Reached skill level 5 in Maces & Flails
   696 | D:5      | Reached XP level 5. HP: 54/54 MP: 5/5
   848 | D:5      | 4thArraOfDagon: true ogre hunter!
   872 | D:5      | Yermak: you so don't care about extra moves you spend because of the bad throwing
   883 | D:6      | Found Anusuji's Antique Armour Emporium.
   952 | D:7      | 4thArraOfDagon: 4 throwing is really that bad?
   987 | D:7      | Noticed an ice beast
   987 | D:7      | Noticed a water moccasin
   990 | D:6      | Found Faergh's Magic Scroll Shop.
   996 | D:6      | Found Batzear's Distillery.
  1004 | D:6      | Bought a potion of haste for 130 gold pieces
  1019 | D:6      | Yermak: no, throwing away rocks when you miss and they fly far away so you have to spend turns to fetch them is bad
  1024 | D:6      | Bought a scroll of teleportation for 33 gold pieces
  1056 | D:5      | Reached skill level 6 in Maces & Flails
  1056 | D:5      | Reached XP level 6. HP: 16/63 MP: 6/6
  1280 | D:5      | uhh
  1411 | D:7      | Reached skill level 1 in Evocations
  1416 | D:7      | Reached skill level 5 in Fighting
  1440 | D:7      | 4thArraOfDagon: 3 of them shattered suddenly
  1485 | D:7      | Found a staircase to the Ecumenical Temple.
  1491 | Temple   | Entered the Ecumenical Temple
  1532 | Temple   | Became a worshipper of Warmaster Okawaru
  1635 | D:7      | Found a shimmering altar of Xom.
  1635 | D:7      | Found an oddly glowing altar of Pakellas.
  1731 | D:7      | Gained mutation: You are clumsy. (Dex -2) [potion of mutation]
  1731 | D:7      | Gained mutation: You have sharp toenails. [potion of mutation]
  1731 | D:7      | Gained mutation: You are frail (-10% HP). [potion of mutation]
  1732 | D:7      | Gained mutation: You are surrounded by a mild repulsion field (EV +2). [potion of mutation]
  1732 | D:7      | Lost mutation: You are clumsy. (Dex -2) [potion of mutation]
  1746 | D:8      | Found a white marble altar of Elyvilon.
  1746 | D:8      | Found a burning altar of Makhleb.
  1746 | D:8      | Found a snail-covered altar of Cheibriados.
  1761 | D:8      | Reached skill level 7 in Maces & Flails
  1761 | D:8      | Reached XP level 7. HP: 15/64 MP: 8/8
  1783 | D:8      | Noticed Chiseanne's ghost (novice SpWn)
  1903 | D:6      | Bought a scroll of remove curse for 33 gold pieces
  1903 | D:6      | meh
  1934 | D:6      | HP: 2/64 [gnoll/halberd (13)]
  1935 | D:6      | Slain by a killer bee

Vault maps used:
D:1:      lightli_arrival_isolated_outpost
D:2:      marbit_many_paths, minmay_splitting_lines, uniq_sigmund
D:3:      fedhas_altar_4
D:4:      nicolae_qazlal_general_emergency, nicolae_elemental_shop
D:5:      first_bread, minmay_gold_behind_fungi
D:6:      kennysheep_six_static_rooms, serial_shops, nicolae_shop_stone,
          shop_fountains, shop
D:7:      gammafunk_temple_overflow_pools, minmay_temple_entry_enclosed_plants
D:8:      grunt_temple_overflow_open, nicolae_ru_sacrificial_ziggurat,
          uniq_erica
Temple:   eino_temple_water_12

Action                   |  1- 3 |  4- 6 |  7- 9 || total
-------------------------+-------+-------+-------++-------
Melee: Short sword       |    11 |       |       ||    11
       Club              |    52 |       |       ||    52
       Spear             |     1 |       |       ||     1
       Trident           |       |   100 |    25 ||   125
Throw: Large rock        |    11 |    25 |       ||    36
       Throwing net      |     4 |     5 |       ||     9
Evoke: Wand              |     1 |     1 |       ||     2
  Use: Scroll            |       |    11 |     1 ||    12
       Potion            |       |     7 |     2 ||     9
 Stab: Sleeping          |     2 |     2 |       ||     4
       Held in net/web   |     2 |       |       ||     2
  Eat: Meat ration       |       |     1 |       ||     1
